 Dungeon Crawl Stone Soup version 0.31-a0-145-g046c7d2549 (webtiles) character file.

Game seed: 5935110811147272603

18 Edyrem the Shooter (level 2, 0/25 HPs)
             Began as a Draconian Hunter on June 6, 2023.
             Slain by a worm (9 damage)
             ... on level 2 of the Dungeon.
             The game lasted 00:01:17 (719 turns).

Edyrem the Shooter (Draconian Hunter)                Turns: 719, Time: 00:01:18

Health: 0/25       AC:  8    Str: 13    XL:     2   Next: 51%
Magic:  2/2        EV: 12    Int:  9    God:
Gold:   69         SH:  0    Dex: 14    Spells: 1/1 levels left

rFire   . . .        a - +0 shortbow
rCold   . . .        (shield currently unavailable)
rNeg    . . .        (body armour unavailable)
rPois   .            (helmet restricted)
rElec   .            (no cloak)
rCorr   .            (no gloves)
SInv    .            (no boots)
Will    .....        (no amulet)
Stlth   ++           d - +4 ring of protection
HPRegen 0.24/turn    (no ring)
MPRegen 0.08/turn

%: no passive effects
@: no status effects
A: AC +4, unfitting armour, cold-blooded
a: no special abilities


You were on level 2 of the Dungeon.
You visited 1 branch of the dungeon, and saw 2 of its levels.

You collected 69 gold pieces.

Inventory:

Hand Weapons
 a - a +0 shortbow (weapon)
Jewellery
 d - a +4 ring of protection (left hand)
Scrolls
 b - a scroll of butterflies
 e - a scroll of magic mapping {unknown}
 f - a scroll of vulnerability {unknown}
 g - 2 scrolls of acquirement {unknown}
Potions
 c - a potion of ambrosia {unknown}
 h - a potion of berserk rage {unknown}


   Skills:
 + Level 2.5 Fighting
 * Level 4.0 Ranged Weapons
 + Level 2.1 Dodging
 - Level 0.8 Stealth


You had one spell level left.
You didn't know any spells.
Your spell library was empty.

Dungeon Overview and Level Annotations

Branches:
Dungeon (2/15)

Altars:


Innate Abilities, Weirdness & Mutations

Your plain brown scales are hard. (AC +4)
You cannot fit into any form of body armour.
You are cold-blooded and may be slowed by cold attacks.


Message History

You shoot an arrow.
The arrow hits the rat but does no damage.
You shoot an arrow. The arrow barely misses the rat.
You shoot an arrow. The arrow hits the rat!
You kill the rat!
No target in view!
No target in view!
You see here a rat corpse.
A worm comes into view.
You shoot an arrow. The arrow hits the worm.
The worm is lightly wounded.
You shoot an arrow.
The arrow hits the worm but does no damage.
The worm is lightly wounded.
You shoot an arrow. The arrow hits the worm!
The worm is heavily wounded.
You shoot an arrow.
The arrow hits the worm but does no damage.
The worm is heavily wounded.
You shoot an arrow. The arrow barely misses the worm.
The worm bites you.
You shoot an arrow. The arrow barely misses the worm.
You shoot an arrow. The arrow hits the worm.
The worm is heavily wounded.
The worm bites you!
You are too injured to fight recklessly!
You shoot an arrow. The arrow hits the worm.
The worm is heavily wounded.
The worm closely misses you.
You shoot an arrow.
The arrow hits the worm but does no damage.
The worm is heavily wounded.
The worm bites you.
You shoot an arrow. The arrow hits the worm.
The worm is heavily wounded.
You shoot an arrow.
The arrow hits the worm but does no damage.
The worm is heavily wounded.
The worm barely misses you.
You shoot an arrow. The arrow barely misses the worm.
The worm bites you!
You die...

#.. ## #..
##################. ....
#......#.......#...
.....#.#...........<..#.
.....#...............(#.
......................#.
......w..†......#####...
.......@#.......# #..#.
........#......#####..#.
#####...#......##..#.##.
#...#......##..#.##.
#####..........#.##.
#......###.#....
######## #.##### #.# #.#


You could see a worm.

Vanquished Creatures
  A worm (D:2)
  A dart slug (D:1)
  A giant cockroach (D:1)
  4 hobgoblins (D:1)
  4 bats
  A kobold (D:1)
  2 rats
14 creatures vanquished.

Notes
Turn   | Place    | Note
-------+----------+-------------------------------------------
     0 | D:1      | Edyrem the Draconian Hunter began the quest for the Orb.
     0 | D:1      | Reached XP level 1. HP: 17/17 MP: 1/1
   126 | D:1      | Reached XP level 2. HP: 25/25 MP: 2/2
   625 | D:2      | Reached skill level 4 in Ranged Weapons
   719 | D:2      | Slain by a worm

Illustrated notes

Levels and vault maps discovered:
D:1:      eino_arrival_cavern_e, layout_rooms, minmay_misc_feat_plants
D:2:      minmay_razor_zed, layout_basic, dreamdust_ecumenical_altar_statues,
          uniq_crazy_yiuf_cottage

Skill      XL: |  1  2 |
---------------+-------+-----
Dodging        | 2 |  2.1
Ranged Weapons | 4 |  4.0
Fighting       | |  2.5
Stealth        | |  0.8

Action                     || total
---------------------------++-------
   Fire: Shortbow          ||    67
 Armour: Skin              ||     6
  Dodge: Dodged            ||    12

Table legend: (Time is in decaauts)
 A = Elapsed time spent in this place.
 B = Non-inter-level travel time spent in this place.
 C = Inter-level travel time spent in this place.
 D = Time resting spent in this place.
 E = Time spent auto-exploring this place.
 F = Levels seen in this place.
 G = Mean time per level.
                   A        B        C        D        E       F      G
               +--------+--------+--------+--------+--------+-----+--------+
         Total |    732 |    713 |     19 |      0 |    588 |   2 |  366.0 |
       Dungeon |    732 |    713 |     19 |      0 |    588 |   2 |  366.0 |
               +--------+--------+--------+--------+--------+-----+--------+

Top non-repeatable levels by time:
     D:1: 515 daAuts
     D:2: 216 daAuts
